 Seeded DCSS version 0.30.1-11-g7821555f0a (webtiles) character file.

Game seed: 6351066067085065685 (custom seed)

388 Esekla the Magician (level 6, -2/32 HPs)
             Began as a Deep Elf Wanderer on Nov 11, 2023.
             Was a Follower of Vehumet.
             Slain by a gnoll
             ... wielding a +0 spear
              (3 damage)
             ... on level 4 of the Dungeon.
             The game lasted 00:24:17 (3339 turns).

Esekla the Magician (Deep Elf Wanderer)             Turns: 3339, Time: 00:24:18

Health: -2/32      AC:  4    Str: 11    XL:     6   Next: 49%
Magic:  18/18      EV: 12    Int: 20    God:    Vehumet [*.....]
Gold:   246        SH:  4    Dex: 14    Spells: 10/20 levels left

rFire   . . .        s - +5 rapier of the Hero {heavy, rN+ Dex+3}
rCold   . . .        d - +0 buckler
rNeg    + . .        c - +0 robe
rPois   .            m - +0 helmet
rElec   .            (no cloak)
rCorr   .            l - +0 pair of gloves
SInv    .            (no boots)
Will    .....        A - amulet of magic regeneration
Stlth   ++           (no ring)
HPRegen 0.25/turn    (no ring)
MPRegen 0.56/turn

%: no passive effects
@: weakened
A: no striking features
a: Renounce Religion


You were on level 4 of the Dungeon.
You worshipped Vehumet.
Vehumet was aware of your devotion.
You visited 1 branch of the dungeon, and saw 6 of its levels.

You collected 246 gold pieces.

Inventory:

Hand Weapons
 a - a +2 vampiric dagger
 r - a +0 spear
 s - the +5 rapier of the Hero (weapon) {heavy, rN+ Dex+3}
   (You found it on level 3 of the Dungeon)

   Dex:       It affects your dexterity (+3).
   rN:        It protects you from negative energy.
Missiles
 w - 9 poisoned darts (quivered)
Armour
 c - a +0 robe (worn)
 d - a +0 buckler (worn)
 l - a +0 pair of gloves (worn)
 m - a +0 helmet (worn)
Jewellery
 A - an amulet of magic regeneration (around neck)
Wands
 i - a wand of roots (9)
 B - a wand of flame (15)
Scrolls
 g - 2 scrolls of identify {unknown}
 o - a scroll of enchant armour {unknown}
 p - 2 scrolls of amnesia {unknown}
 q - a scroll of immolation {unknown}
 u - a scroll of fog {unknown}
 v - 2 scrolls of blinking {unknown}
 x - 2 scrolls of enchant weapon {unknown}
 y - a scroll of silence {unknown}
 z - a scroll of magic mapping {unknown}
 C - a scroll of fear
 D - a scroll of summoning {unknown}
Potions
 b - 2 potions of lignification
 e - a potion of ambrosia {unknown}
 f - 2 potions of attraction {unknown}
 h - a potion of heal wounds {unknown}
 j - a potion of haste {unknown}
 k - 3 potions of curing {unknown}
 n - a potion of mutation {unknown}
 t - 3 potions of brilliance {unknown}


   Skills:
 + Level 0.9 Short Blades
 + Level 0.3 Throwing
 * Level 3.3 Dodging
 + Level 1.6 Stealth
 + Level 1.5 Shields
 * Level 7.7 Spellcasting
 + Level 1.5 Conjurations
 * Level 2.2 Necromancy
 + Level 2.6 Translocations
 + Level 1.0 Invocations


You had 10 spell levels left.
You knew the following spells:

 Your Spells              Type           Power      Damage    Failure   Level
a - Magic Dart            Conj           52%        1d5       7%          1
b - Blink                 Tloc           36%        N/A       7%          2
d - Vampiric Draining     Necr           16%        2d7       16%         3
n - Ignite Poison         Fire/Tmut/Pois 7%         N/A       36%         3
p - Apportation           Tloc           36%        N/A       4%          1

Your spell library contained the following spells:

 Spells                   Type           Power      Damage    Failure   Level
 Shock                    Conj/Air       40%        1d5       10%         1
 Lesser Beckoning         Tloc           36%        N/A       7%          2
 Gell's Gravitas          Tloc           18%        N/A       13%         3
 Teleport Other           Tloc           18%        N/A       13%         3
 Spider Form              Tmut/Pois      7%         N/A       36%         3
 Cause Fear               Hex            3%         N/A       77%         4
 Summon Mana Viper        Hex/Summ       7%         N/A       98%         5


Dungeon Overview and Level Annotations

Branches:
Dungeon (6/15)
 Temple: D:4-7

Altars:
Dithmenos
Hepliaklqana
Okawaru
Qazlal
Trog
Vehumet
Zin
The Shining One

Shops:
D:2 =   D:4 (


Message History

Found a pair of gloves.
A gnoll bouda comes into view. It is wielding a +0 club.
The gnoll bouda shouts!
You hear a shout! x2
A gnoll comes into view. It is wielding a +0 spear.
The gnoll shouts!
A gnoll comes into view. It is wielding a +0 club.
The gnoll throws a throwing net.
The throwing net hits you.
You become entangled in the net!
You see here a throwing net.
You struggle against the net.
You struggle against the net.
The gnoll bouda barks out a call to the hunt!
The gnolls pick up the pace!
A gnoll comes into view. It is wielding a +0 club.
The gnoll shouts!
Casting: Magic Dart (safe; 7% risk of failure)
Confirm with . or Enter, or press ? or * to list all spells.
You blink. 3 gnolls come into view.
The gnoll shouts! x2
The gnoll bouda gazes fiercely through you!
You feel your attacks grow feeble. The gnoll attacks as you move away!
The gnoll hits you with a +0 club.
The gnoll hits you from afar with a +0 spear.
The gnoll hits you with a +0 club. The gnoll closely misses you.
The gnoll hits you from afar with a +0 spear.
The gnoll barely misses you. The gnoll hits you but does no damage.
The gnoll hits you with a +0 flail. The gnoll barely misses you.
The gnoll closely misses you.
You feel stable enough to blink again.
There is a stone staircase leading down here.
The gnoll bouda barks out a call to the hunt!
The gnolls pick up the pace!
The gnoll hits you with a +0 flail.
The gnoll hits you from afar with a +0 spear.
* * * LOW HITPOINT WARNING * * *
The gnoll hits you with a +0 club.
* * * LOW HITPOINT WARNING * * *
The gnoll hits you from afar with a +0 spear.
You die...

........# .######.......#..
#........##.##...........'..
#...........##...........#..
#...........##...........#..
............##...........#..
............##...........#..
..........g..#.....###...#..
#.........gg..####'####...#..
#..........g@...).)..........
#.####...ggg[.####.##........
#........g....####.##.....##.
#..[.........................
#..................##. .##..
#..................# g##..
#........##........# .....
#........##........# .....
#........#########.# .....


You could see a gnoll bouda and 7 gnolls.

Vanquished Creatures
  2 scorpions (D:5)
  A hound (D:3)
  A sleepcap (D:5)
  2 iguanas
  5 gnolls
  5 adders
  A white imp (D:5)
  A worm (D:4)
  2 dart slugs
  6 orcs
  4 endoplasms
  8 goblins
  4 hobgoblins
  A quokka (D:1)
  6 ball pythons
  4 bats
  4 frilled lizards
  5 kobolds
  A rat (D:2)
63 creatures vanquished.

Notes
Turn   | Place    | Note
-------+----------+-------------------------------------------
     0 | D:1      | Esekla the Deep Elf Wanderer began the quest for the Orb.
     0 | D:1      | Esekla set off with the following items: a +0 club, a
                  | potion of lignification, a +0 robe, a +0 buckler; and the
                  | following spells available to memorise: Apportation, Blink,
                  | Lesser Beckoning, Magic Dart, Ignite Poison, Vampiric
                  | Draining.
     0 | D:1      | Reached XP level 1. HP: 10/10 MP: 7/7
     2 | D:1      | Learned a level 1 spell: Magic Dart
     4 | D:1      | Learned a level 1 spell: Apportation
   259 | D:2      | Found Renulab's Jewellery Shop.
   484 | D:4      | Found a radiant altar of Vehumet.
   492 | D:4      | Found an iron altar of Okawaru.
   503 | D:4      | Found a glowing silver altar of Zin.
   587 | D:4      | Became a worshipper of Vehumet
   912 | D:3      | Reached XP level 2. HP: 13/15 MP: 9/9
   982 | D:3      | Reached skill level 5 in Spellcasting
  1149 | D:3      | Identified the +5 rapier of the Hero {heavy, rN+ Dex+3}
  1228 | D:2      | Reached skill level 1 in Dodging
  1338 | D:1      | Reached XP level 3. HP: 19/19 MP: 6/11
  1357 | D:1      | Learned a level 2 spell: Blink
  1361 | D:1      | Learned a level 3 spell: Ignite Poison
  1365 | D:1      | Learned a level 3 spell: Vampiric Draining
  1459 | D:1      | Reached * piety under Vehumet
  1459 | D:1      | Offered knowledge of Shock by Vehumet.
  1653 | D:1      | Reached skill level 1 in Necromancy
  1877 | D:2      | Found a faded altar of an unknown god.
  1907 | D:2      | Reached skill level 6 in Spellcasting
  1907 | D:2      | Reached XP level 4. HP: 15/24 MP: 9/14
  1947 | D:2      | Reached skill level 1 in Conjurations
  2138 | D:2      | Noticed a black bear
  2325 | D:3      | Found a stormy altar of Qazlal.
  2354 | D:3      | Found a bloodstained altar of Trog.
  2356 | D:3      | Found a hazy altar of Hepliaklqana.
  2364 | D:3      | Reached XP level 5. HP: 28/28 MP: 12/16
  2506 | D:4      | Found Ponaysk's Antique Weapon Boutique.
  2644 | D:4      | Found a glowing golden altar of the Shining One.
  2736 | D:5      | Entered Level 5 of the Dungeon
  2739 | D:5      | Got the Parchment of the Lumpy Olives
  2767 | D:5      | Found a shadowy altar of Dithmenos.
  2844 | D:5      | Reached skill level 7 in Spellcasting
  2878 | D:5      | Reached XP level 6. HP: 27/32 MP: 16/18
  3339 | D:4      | HP: 1/32 [gnoll/+0 club (3)]
  3339 | D:4      | Slain by a gnoll

Illustrated notes

Levels and vault maps discovered:
D:1:      sevenhm_arrival_forest_fort_small_3, layout_rooms,
          chequers_serial_rivers_room_b, minmay_misc_feat_five
D:2:      layout_loops_ring, dreamdust_ecumenical_altar_angels_and_demons,
          serial_shops, shop
D:3:      layout_basic, grunt_temple_overflow_open, minmay_misc_feat_iff
D:4:      layout_basic, nicolae_overflow_quartered_altars, serial_shops,
          nicolae_diamond_shop
D:5:      layout_loops_ring, lemuel_doored_altar, minmay_misc_feat_rows,
          dreamdust_wishing_well
D:6:      layout_loops_cross, fedhas_altar_fruit_tree,
          minmay_temple_entry_glass, uniq_pikel, uniq_blork_the_orc

Skill      XL: |  1  2  3  4  5 |
---------------+----------------+-----
Spellcasting   | 5 6 7 |  7.7
Dodging        | 1 2 3 |  3.3
Necromancy     | 1 2 |  2.2
Conjurations   | 1 |  1.5
Short Blades   | |  0.9
Throwing       | |  0.3
Stealth        | |  1.6
Shields        | |  1.5
Translocations | |  2.6
Invocations    | |  1.0

Action                     |  1- 3 |  4- 6 || total
---------------------------+-------+-------++-------
  Melee: Short sword       |    13 |       ||    13
         Rapier            |    25 |    33 ||    58
  Throw: Dart              |     5 |     9 ||    14
   Cast: Apportation       |    31 |    18 ||    49
         Magic Dart        |    50 |    36 ||    86
         Vampiric Draining |     2 |     9 ||    11
         Blink             |     1 |     3 ||     4
    Use: Scroll            |     1 |       ||     1
   Stab: Sleeping          |     1 |     2 ||     3
 Armour: Robe              |    23 |     9 ||    32
  Dodge: Dodged            |    39 |    17 ||    56
  Block: Buckler           |    13 |     5 ||    18
